[Event "ICC tourney 2532 (25 5)"]
[Site "Internet Chess Club"]
[Date "2021.04.25"]
[Round "5"]
[White "AMRAM, ARON:K12-14805835"]
[Black "RAJARAM, ROHAN:K12-15739716"]
[Result "0-1"]
[ICCResult "White checkmated"]
[WhiteElo "1093"]
[BlackElo "1905"]
[Opening "Sicilian: Taimanov variation"]
[ECO "B49"]
[NIC "SI.40"]
[Time "11:01:46"]
[PlyCount "128"]
[TimeControl "1500+5"]

1. e4 c5 2. Nc3 Nc6 3. Nf3 e6 4. d4 cxd4 5. Nxd4 Qc7 6. Be3 a6 7. Be2 Nf6
8. f3 Be7 9. Qd2 O-O 10. a3 b5 11. O-O d5 12. exd5 exd5 13. Bf4 Qb6 14. Be3
Qc7 15. Bf2 Re8 16. Rfe1 Bd6 17. Nxc6 Qxc6 18. Rad1 Bb7 19. Bd4 Be5 20. Kh1
Bc7 21. Bxf6 Qxf6 22. Nxd5 Bxd5 23. Qxd5 Qh4 24. f4 Bxf4 25. Qh5 Qe7 26.
Qf3 Be5 27. Bd3 Qc7 28. Qh3 g6 29. c3 Re7 30. Rd2 Bxc3 31. Rxe7 Qxe7 32.
Re2 Qf6 33. Qf3 Qxf3 34. gxf3 Rd8 35. Be4 Rd1+ 36. Kg2 Bd4 37. Bb7 a5 38.
Ba6 b4 39. a4 Rb1 40. Re8+ Kg7 41. Rd8 Rxb2+ 42. Kh3 Bc3 43. Bc4 Be5 44.
Rd7 Rxh2+ 45. Kg4 h5+ 46. Kg5 Bf6+ 47. Kf4 Rh4+ 48. Ke3 Rxc4 49. Rd5 Rc3+
50. Kd2 b3 51. Rxa5 Rxf3 52. Rb5 b2 53. Kc2 Ra3 54. a5 Ra1 55. a6 Rxa6 56.
Kd2 h4 57. Ke2 Ra1 58. Kd2 b1=Q 59. Rc5 h3 60. Ke3 h2 61. Kf2 h1=Q 62. Rc4
Qb2+ 63. Ke3 Ra3+ 64. Kf4 Qh4# { White checkmated } 0-1

[Event "ICC tourney 2532 (25 5)"]
[Site "Internet Chess Club"]
[Date "2021.04.25"]
[Round "5"]
[White "HUANG, ANDY:K12-14633373"]
[Black "MATTA, KISNA:K12-14874247"]
[Result "1-0"]
[ICCResult "Black resigns"]
[WhiteElo "2334"]
[BlackElo "1843"]
[Opening "Réti opening"]
[ECO "A05"]
[NIC "QP.11"]
[Time "11:01:46"]
[PlyCount "49"]
[TimeControl "1500+5"]

1. Nf3 Nf6 2. b3 c5 3. e3 Nc6 4. Bb2 g6 5. c4 Bg7 6. Be2 O-O 7. O-O d5 8.
cxd5 Qxd5 9. Nc3 Qd6 10. Rc1 b6 11. d4 cxd4 12. Nb5 Qd7 13. Nfxd4 Nxd4 14.
Bxd4 Ba6 15. a4 Rac8 16. Rxc8 Rxc8 17. Qa1 Bxb5 18. Bxb5 Qc7 19. h3 Qb7 20.
Rd1 a6 21. Be2 b5 22. axb5 axb5 23. Qa5 b4 24. Bf3 Qb8 25. Be5 { Black
resigns } 1-0

[Event "ICC tourney 2532 (25 5)"]
[Site "Internet Chess Club"]
[Date "2021.04.25"]
[Round "5"]
[White "TSAY, VINCENT:K12-15297685"]
[Black "CHOI YOO, EUGENE:K12-14862820"]
[Result "1-0"]
[ICCResult "Black resigns"]
[WhiteElo "2392"]
[BlackElo "2191"]
[Opening "Queen's pawn game"]
[ECO "A46"]
[NIC "QP.06"]
[Time "11:01:13"]
[PlyCount "55"]
[TimeControl "1500+5"]

1. d4 Nf6 2. Nf3 e6 3. g3 b5 4. Bg2 Bb7 5. O-O c5 6. c3 Be7 7. dxc5 Bxc5 8.
b4 Bb6 9. a4 a6 10. axb5 axb5 11. Rxa8 Bxa8 12. Na3 Bc6 13. Qd3 Nd5 14.
Nxb5 Bxb5 15. Qxb5 Nxc3 16. Qe5 Nd5 17. Qxg7 Qf6 18. Qg4 Na6 19. b5 Nac7
20. Bg5 Qb2 21. e4 Nc3 22. Bh6 N3xb5 23. e5 Bc5 24. Qg7 Rf8 25. Qxh7 Nd4
26. Bxf8 Nxf3+ 27. Bxf3 Bxf8 28. Bh5 { Black resigns } 1-0

[Event "ICC tourney 2532 (25 5)"]
[Site "Internet Chess Club"]
[Date "2021.04.25"]
[Round "5"]
[White "PRABHU, NAVEEN:K12-14949284"]
[Black "ORUGANTI, SURAJ:K12-15521792"]
[Result "0-1"]
[ICCResult "White resigns"]
[WhiteElo "2037"]
[BlackElo "1771"]
[Opening "Giuoco Piano"]
[ECO "C54"]
[NIC "IG.02"]
[Time "11:02:38"]
[PlyCount "64"]
[TimeControl "1500+5"]

1. e4 e5 2. Nf3 Nc6 3. Bc4 Bc5 4. c3 Nf6 5. d3 d6 6. O-O O-O 7. a4 a5 8.
Nbd2 Be6 9. h3 h6 10. Re1 Qd7 11. Bb5 Qd8 12. Nf1 Na7 13. Bc4 Bxc4 14. dxc4
Nc6 15. Ng3 Kh7 16. Nh4 g6 17. Qd2 Ng4 18. hxg4 Qxh4 19. Nf1 f5 20. gxf5
gxf5 21. Ne3 f4 22. Nf5 Rxf5 23. exf5 Rg8 24. Kf1 Ne7 25. b4 Nxf5 26. bxc5
Rxg2 27. Qc2 Qh1+ 28. Ke2 Qh5+ 29. Kd3 Qf3+ 30. Be3 e4+ 31. Kd2 Nxe3 32.
Rxe3 Qxe3+ { White resigns } 0-1

[Event "ICC tourney 2532 (25 5)"]
[Site "Internet Chess Club"]
[Date "2021.04.25"]
[Round "5"]
[White "NIRAG SHAH, ARYA:K12-17096474"]
[Black "TEITELMAN, JACOB:K12-15145191"]
[Result "1-0"]
[ICCResult "Black resigns"]
[WhiteElo "1975"]
[BlackElo "1689"]
[Opening "Queen's pawn, Mason variation"]
[ECO "D00"]
[NIC "QP.08"]
[Time "11:02:25"]
[PlyCount "61"]
[TimeControl "1500+5"]

1. d4 d5 2. Bf4 e6 3. e3 Nf6 4. Nf3 c5 5. Nbd2 Bd6 6. Bg3 O-O 7. c3 b6 8.
Bd3 Nc6 9. Ne5 Bb7 10. f4 Rc8 11. Qf3 cxd4 12. exd4 Ne7 13. O-O-O a6 14.
Bh4 Ng6 15. Bg5 b5 16. Kb1 b4 17. cxb4 Bxb4 18. Nb3 Be7 19. Bxg6 hxg6 20.
h4 Nh7 21. Bxe7 Qxe7 22. g4 Rfd8 23. g5 Nf8 24. h5 f6 25. Nxg6 Qf7 26. Nxf8
Rxf8 27. g6 Qc7 28. Nc5 Qe7 29. Qh3 Rc6 30. h6 gxh6 31. Qxh6 { Black
resigns } 1-0

[Event "ICC tourney 2532 (25 5)"]
[Site "Internet Chess Club"]
[Date "2021.04.25"]
[Round "5"]
[White "PENG, BRANDON:K12-15283836"]
[Black "SMIRNOV, OLIVER:K12-14791270"]
[Result "1-0"]
[ICCResult "Black resigns"]
[WhiteElo "1769"]
[BlackElo "1054"]
[Opening "Grünfeld: 5.Bg5"]
[ECO "D91"]
[NIC "GI.08"]
[Time "11:01:36"]
[PlyCount "75"]
[TimeControl "1500+5"]

1. d4 Nf6 2. c4 g6 3. Nc3 Bg7 4. Nf3 d5 5. Bg5 c6 6. e3 O-O 7. Be2 Be6 8.
cxd5 Nxd5 9. O-O h6 10. Bh4 g5 11. Bg3 Nd7 12. Rc1 Rc8 13. Qd2 c5 14. Nxd5
Bxd5 15. dxc5 Nxc5 16. Rfd1 e6 17. Qb4 Ne4 18. Be5 Rxc1 19. Rxc1 g4 20.
Bxg7 Kxg7 21. Nd4 Qf6 22. Rf1 Qg5 23. Bd3 h5 24. Bxe4 Bxe4 25. Nxe6+ fxe6
26. Qxe4 Qe7 27. Qd4+ Kh6 28. Qxa7 Qb4 29. Qd4 Qxd4 30. exd4 Rd8 31. Rd1 e5
32. d5 Kg5 33. Kf1 Kf4 34. Ke2 Ke4 35. d6 Kf5 36. Ke3 Ke6 37. Ke4 Rxd6 38.
Rxd6+ { Black resigns } 1-0

[Event "ICC tourney 2532 (25 5)"]
[Site "Internet Chess Club"]
[Date "2021.04.25"]
[Round "5"]
[White "WEIHENG CHENG, ADRIEN:K12-16318903"]
[Black "PALLIYATH, YUVRAJ:K12-17213791"]
[Result "1-0"]
[ICCResult "Black resigns"]
[WhiteElo "1439"]
[BlackElo "473"]
[Opening "Bird's opening"]
[ECO "A02"]
[NIC "VO.07"]
[Time "11:01:47"]
[PlyCount "135"]
[TimeControl "1500+5"]

1. f4 Nf6 2. Nf3 g6 3. e3 Bg7 4. d4 O-O 5. Bd3 e6 6. O-O d5 7. Bd2 Nc6 8.
a3 Qd6 9. Nc3 a6 10. Ne5 Re8 11. Kh1 Bd7 12. Be1 Bc8 13. Bh4 Ne7 14. Qf3
Nf5 15. Bxf5 exf5 16. Bxf6 Bxf6 17. Qxd5 Qxd5 18. Nxd5 Bd8 19. Rfe1 c6 20.
Nc3 Be6 21. Rad1 Bd5 22. Nxd5 cxd5 23. Rd3 Bc7 24. Rb3 b5 25. Nd3 Bd6 26.
Rc3 Rac8 27. Rxc8 Rxc8 28. c3 Kg7 29. Kg1 Kf6 30. h4 h6 31. Ra1 Rc4 32. Nb4
a5 33. Nd3 b4 34. axb4 axb4 35. cxb4 Bxb4 36. Ra6+ Kg7 37. Ne5 Rc1+ 38. Kf2
Rc7 39. Rb6 Be7 40. Rb5 Bxh4+ 41. g3 Bf6 42. Nd3 Rd7 43. Nb4 h5 44. Nxd5
Bd8 45. Nc3 h4 46. gxh4 Bxh4+ 47. Kf3 Rc7 48. d5 Be1 49. d6 Rd7 50. Rd5 Kf6
51. e4 Ke6 52. exf5+ gxf5 53. Re5+ Kxd6 54. Rxe1 Kc7 55. Re5 Rd3+ 56. Ke2
Rd7 57. Rxf5 Re7+ 58. Re5 Rxe5+ 59. fxe5 Kc6 60. Ke3 Kc5 61. Kf4 Kd4 62.
Kf5 Kc5 63. Kf6 Kd4 64. b4 Kxc3 65. b5 Kb4 66. b6 Kb5 67. b7 Kb6 68. b8=Q+
{ Black resigns } 1-0

[Event "ICC tourney 2532 (25 5)"]
[Site "Internet Chess Club"]
[Date "2021.04.25"]
[Round "5"]
[White "ANAND, SANJEEV:K12-14436451"]
[Black "RIONAULA, LEONARD:K12-15936796"]
[Result "0-1"]
[ICCResult "White checkmated"]
[WhiteElo "1753"]
[BlackElo "1116"]
[Opening "Ruy Lopez: old Steinitz defense"]
[ECO "C62"]
[NIC "RL.02"]
[Time "11:01:04"]
[PlyCount "138"]
[TimeControl "1500+5"]

1. e4 e5 2. Nf3 Nc6 3. Bb5 d6 4. d4 Bd7 5. O-O exd4 6. Nxd4 Nxd4 7. Bxd7+
Qxd7 8. Qxd4 Nf6 9. Nc3 Be7 10. Re1 O-O 11. Be3 Ng4 12. Bf4 Rad8 13. Rad1
Rfe8 14. Qxa7 Qc6 15. f3 d5 16. Qa4 Qb6+ 17. Rd4 Ra8 18. Nxd5 Rxa4 19. Nxb6
Rxd4 20. c3 Rdd8 21. Bxc7 Ne3 22. Bxd8 Rxd8 23. Na4 Nc4 24. b3 b5 25. bxc4
bxa4 26. Rb1 Rc8 27. Rb7 Bc5+ 28. Kf1 g6 29. Ke2 Bd6 30. g3 Rxc4 31. Kd3
Rc8 32. Ra7 a3 33. Ra6 Rd8 34. Kc2 Bf8 35. c4 Rb8 36. Ra5 Rb2+ 37. Kd3 Rxh2
38. c5 Rxa2 39. c6 Bd6 40. e5 Bc7 41. Ra8+ Kg7 42. Kc4 Bxe5 43. f4 Bc7 44.
Ra7 Bb6 45. Ra6 Rc2+ 46. Kb3 Rxc6 47. Rxa3 Bf2 48. Kb2 Kf6 49. g4 h5 50.
gxh5 gxh5 51. Rh3 h4 52. Rf3 Bg3 53. f5 Rc5 54. Rb3 Kxf5 55. Rb7 f6 56. Rh7
Kg4 57. Rh6 f5 58. Kb3 f4 59. Kb4 Rf5 60. Kc4 f3 61. Kd4 f2 62. Ke4 Kg5 63.
Rh8 f1=Q 64. Rg8+ Kh6 65. Rc8 Qf3+ 66. Kd4 Rd5+ 67. Kc4 Qd3+ 68. Kb4 Rb5+
69. Ka4 Qb3# { White checkmated } 0-1

[Event "ICC tourney 2532 (25 5)"]
[Site "Internet Chess Club"]
[Date "2021.04.25"]
[Round "5"]
[White "MANIACI, MARCO:K12-16925452"]
[Black "LU, SAMUEL:K12-16373562"]
[Result "1-0"]
[ICCResult "Black resigns"]
[WhiteElo "1051"]
[BlackElo "1615"]
[Opening "Queen's Indian: 4.g3 Bb7"]
[ECO "E15"]
[NIC "QI.06"]
[Time "11:02:05"]
[PlyCount "64"]
[TimeControl "1500+5"]

1. d4 Nf6 2. c4 e6 3. Nf3 b6 4. g3 Bb7 5. Bg2 d6 6. Nc3 Nbd7 7. O-O Be7 8.
Qc2 c5 9. Rd1 O-O 10. Bg5 h6 11. Bxf6 Bxf6 12. d5 exd5 13. Nxd5 Re8 14. Bh3
Ne5 15. Nxe5 Bxe5 16. Bg2 Qd7 17. e3 g6 18. a4 Rad8 19. h4 Ba6 20. Ra3 Rf8
21. Rad3 f5 22. Nf4 Kh7 23. b3 g5 24. hxg5 hxg5 25. Nh3 g4 26. Nf4 Rf6 27.
e4 Bb7 28. Nd5 Bxd5 29. Rxd5 Qe6 30. exf5 Qxf5 31. Be4 Rdf8 32. Bxf5+ Rxf5
{ Black resigns } 1-0

[Event "ICC tourney 2532 (25 5)"]
[Site "Internet Chess Club"]
[Date "2021.04.25"]
[Round "5"]
[White "WANG, ANDREW:K12-14159754"]
[Black "DRUCKER, JACK:K12-16096906"]
[Result "1-0"]
[ICCResult "Black resigns"]
[WhiteElo "1840"]
[BlackElo "1184"]
[Opening "French: Winawer (Nimzovich) variation"]
[ECO "C15"]
[NIC "FR.08"]
[Time "11:01:44"]
[PlyCount "91"]
[TimeControl "1500+5"]

1. e4 e6 2. d4 d5 3. Nc3 Bb4 4. Qg4 Nf6 5. Qxg7 Rg8 6. Qh6 Rg6 7. Qe3 Nxe4
8. Bd2 Nxd2 9. Qxd2 c5 10. Nge2 Nc6 11. a3 Ba5 12. Nf4 cxd4 13. Nxg6 dxc3
14. bxc3 hxg6 15. Bb5 Qf6 16. O-O-O Bxc3 17. Qd3 Ba5 18. Kb1 a6 19. Ba4 Bd7
20. Bb3 b5 21. h4 b4 22. a4 Ne5 23. Qd4 Rc8 24. Rhe1 Bc7 25. f4 Ng4 26.
Qxd5 Qe7 27. Qd4 Qf6 28. Qxd7+ Kf8 29. Qxc8+ Kg7 30. Qxc7 Kh6 31. Qc5 e5
32. fxe5 Qf4 33. e6 fxe6 34. Qg5+ Qxg5 35. hxg5+ Kxg5 36. Bxe6 Nf2 37. Rd5+
Kf4 38. Rf1 Ke3 39. Rxf2 Kxf2 40. Rg5 Ke3 41. Rxg6 Kd4 42. Bc4 Kc3 43. Rxa6
Kd2 44. Kb2 Ke3 45. g4 Kf4 46. Be2 { Black resigns } 1-0

[Event "ICC tourney 2532 (25 5)"]
[Site "Internet Chess Club"]
[Date "2021.04.25"]
[Round "5"]
[White "KUMAR TIBREWAL, AYUSH:K12-14952527"]
[Black "STIG MELLODY, MARCUS:K12-14740377"]
[Result "0-1"]
[ICCResult "White checkmated"]
[WhiteElo "1152"]
[BlackElo "1713"]
[Opening "French defense"]
[ECO "C00"]
[NIC "FR.01"]
[Time "11:01:38"]
[PlyCount "152"]
[TimeControl "1500+5"]

1. e4 e6 2. Nc3 d5 3. exd5 exd5 4. Nf3 Nf6 5. d4 Bd6 6. Bd3 O-O 7. O-O Bg4
8. h3 Bh5 9. Bg5 c6 10. g4 Bg6 11. Bxg6 hxg6 12. h4 Qd7 13. Ne5 Bxe5 14.
dxe5 Qxg4+ 15. Qxg4 Nxg4 16. Rae1 Re8 17. f4 Nd7 18. Rf3 f6 19. Rg3 fxg5
20. Rxg4 gxf4 21. e6 Nc5 22. e7 Rac8 23. Rxf4 Rc7 24. b4 Na6 25. b5 Nc5 26.
a4 Rcxe7 27. Rxe7 Rxe7 28. Kf2 Rf7 29. Kg3 Rxf4 30. Kxf4 Kf7 31. Ke5 Ke7
32. a5 a6 33. bxc6 bxc6 34. Ne2 Nb7 35. Nf4 Kf7 36. Nd3 Nxa5 37. Kd6 Kf6
38. Kc5 g5 39. hxg5+ Kxg5 40. Kb6 Nc4+ 41. Kxc6 Ne3 42. Kc5 Kf5 43. Kd4
Nxc2+ 44. Kxd5 a5 45. Kc4 Nb4 46. Nc5 g5 47. Kd4 g4 48. Ne4 Kf4 49. Nf6 g3
50. Nh5+ Kf3 51. Nxg3 Kxg3 52. Kc4 Kf3 53. Kb3 Ke3 54. Kc4 Kd2 55. Kb3 Kd3
56. Ka4 Nc6 57. Ka3 Kc3 58. Ka4 Kc4 59. Ka3 Kb5 60. Kb3 a4+ 61. Ka3 Na5 62.
Ka2 Kb4 63. Kb2 a3+ 64. Ka2 Nc4 65. Ka1 Kb3 66. Kb1 Ne3 67. Kc1 a2 68. Kd2
a1=Q 69. Kxe3 Qd1 70. Kf2 Qd3 71. Kg2 Qe3 72. Kh1 Qd2 73. Kg1 Kc3 74. Kf1
Kd3 75. Kg1 Ke3 76. Kf1 Qf2# { White checkmated } 0-1

[Event "ICC tourney 2532 (25 5)"]
[Site "Internet Chess Club"]
[Date "2021.04.25"]
[Round "5"]
[White "VELIDANDLA, SARVAGNA:K12-15123300"]
[Black "KUMAR KOTHAPALLI, PRADHYUMNA:K12-15273893"]
[Result "0-1"]
[ICCResult "White checkmated"]
[WhiteElo "1802"]
[BlackElo "2140"]
[Opening "Grünfeld: Stockholm variation"]
[ECO "D80"]
[NIC "GI.03"]
[Time "11:01:20"]
[PlyCount "130"]
[TimeControl "1500+5"]

1. d4 Nf6 2. c4 g6 3. Nc3 d5 4. Bg5 Ne4 5. Bf4 Nxc3 6. bxc3 Bg7 7. e3 c5 8.
cxd5 cxd4 9. cxd4 Qxd5 10. Nf3 O-O 11. Be2 Nc6 12. O-O Bf5 13. Qa4 Qa5 14.
Qxa5 Nxa5 15. Rfc1 Rac8 16. h3 Nc6 17. Nd2 Nb4 18. Bg4 Nd3 19. Rxc8 Rxc8
20. Bxf5 gxf5 21. Bg3 Rc2 22. Nf3 b5 23. a3 e6 24. Ne5 Bxe5 25. Bxe5 Nxf2
26. Rb1 f6 27. Bxf6 Ne4 28. Be7 Nc3 29. Rb3 a5 30. a4 b4 31. Bd8 Ne2+ 32.
Kh2 f4 33. Bxa5 f3 34. gxf3 Nxd4+ 35. Kg3 Nxb3 36. Bxb4 Rc4 37. Bd6 Rxa4
38. e4 Nd2 39. Kf4 Ra6 40. Bb4 Nc4 41. Kg5 Ra4 42. Bc3 Ra3 43. Bf6 Rxf3 44.
h4 Nd2 45. e5 Ne4+ 46. Kg4 Rf5 47. h5 Nxf6+ 48. Kh4 Rxh5+ 49. Kg3 Rxe5 50.
Kh4 Rh5+ 51. Kg3 e5 52. Kf3 Rh4 53. Ke3 e4 54. Kf2 Rh3 55. Kg2 Ra3 56. Kf2
Ng4+ 57. Ke2 e3 58. Kf1 Ra2 59. Ke1 Nh2 60. Kd1 e2+ 61. Ke1 Nf3+ 62. Kf2
e1=Q+ 63. Kxf3 Rf2+ 64. Kg3 Qg1+ 65. Kh4 Rh2# { White checkmated } 0-1

[Event "ICC tourney 2532 (25 5)"]
[Site "Internet Chess Club"]
[Date "2021.04.25"]
[Round "5"]
[White "PAI, RAHUL:K12-16742108"]
[Black "XU, KEVIN:K12-15437078"]
[Result "0-1"]
[ICCResult "White forfeits on time"]
[WhiteElo "1776"]
[BlackElo "2091"]
[Opening "Sicilian: closed, 2...Nc6"]
[ECO "B23"]
[NIC "SI.44"]
[Time "11:01:56"]
[PlyCount "70"]
[TimeControl "1500+5"]

1. e4 c5 2. Nc3 Nc6 3. Bb5 g6 4. Bxc6 dxc6 5. d3 Bg7 6. Be3 b6 7. Qd2 e5 8.
Nge2 Nf6 9. h3 Be6 10. b3 Qe7 11. O-O O-O-O 12. a3 h6 13. b4 Nd7 14. bxc5
Nxc5 15. a4 f5 16. f3 f4 17. Bf2 h5 18. Rfb1 Rd7 19. a5 b5 20. a6 Rc7 21.
Qc1 g5 22. Qa3 Bf8 23. d4 exd4 24. Nxd4 Bd7 25. Qa5 Qe8 26. Ndxb5 cxb5 27.
Nd5 Qe5 28. c3 Rh6 29. Bd4 Qd6 30. c4 bxc4 31. Nxc7 Qxd4+ 32. Kh1 Qd6 33.
Nb5 Qb6 34. Qxb6 Rxb6 35. Nxa7+ Kc7 { White forfeits on time } 0-1

[Event "ICC tourney 2532 (25 5)"]
[Site "Internet Chess Club"]
[Date "2021.04.25"]
[Round "5"]
[White "AUGUSTO BALDERAS, ADOLFO:K12-14480460"]
[Black "QIAN, ANDREW:K12-15377570"]
[Result "1/2-1/2"]
[ICCResult "Game drawn by mutual agreement"]
[WhiteElo "1962"]
[BlackElo "1591"]
[Opening "Ruy Lopez: closed, Pilnik variation"]
[ECO "C77"]
[NIC "RL.12"]
[Time "11:02:05"]
[PlyCount "155"]
[TimeControl "1500+5"]

1. e4 e5 2. Nf3 Nc6 3. Bb5 a6 4. Ba4 Nf6 5. d3 b5 6. Bb3 Be7 7. c3 O-O 8.
O-O d6 9. Re1 Bg4 10. Nbd2 Qd7 11. h3 Be6 12. Bc2 h6 13. Nf1 Rfe8 14. Ng3
Rad8 15. d4 exd4 16. cxd4 d5 17. e5 Ne4 18. Nxe4 dxe4 19. Rxe4 Bf5 20. Rf4
Bxc2 21. Qxc2 Qe6 22. Be3 Rd7 23. h4 Nb4 24. Qe4 Nd5 25. Rg4 c5 26. dxc5
Nxe3 27. fxe3 Bxc5 28. Rg3 Bd6 29. Rd1 Bxe5 30. Rxd7 Qxd7 31. Nxe5 Qe7 32.
Kf2 Qxe5 33. Qd4 Qxd4 34. exd4 Re4 35. Rd3 Rxh4 36. d5 Kf8 37. d6 Ke8 38.
d7+ Kd8 39. Rd6 Re4 40. Rxa6 Kxd7 41. Rb6 Re5 42. Kf3 Kc7 43. Ra6 Kb7 44.
Rd6 Kc7 45. Ra6 Kb7 46. Rd6 Rf5+ 47. Ke4 Rf2 48. b4 Rxa2 49. Rd7+ Kc6 50.
Rxf7 Rxg2 51. Ra7 Rg4+ 52. Kd3 Rxb4 53. Rxg7 Rh4 54. Kc3 h5 55. Rg6+ Kc5
56. Rg5+ Kb6 57. Rg6+ Ka5 58. Rg3 Rh1 59. Rg5 h4 60. Rh5 h3 61. Kb2 h2 62.
Ka2 Ka4 63. Kb2 Kb4 64. Ka2 Kc3 65. Rc5+ Kd4 66. Rh5 Kc3 67. Rc5+ Kd3 68.
Rh5 b4 69. Kb2 Ke2 70. Rh8 Kf2 71. Rf8+ Kg2 72. Rg8+ Kf3 73. Rf8+ Kg4 74.
Rg8+ Kf5 75. Rf8+ Kg6 76. Rh8 Kg7 77. Rh3 b3 78. Rh4 { Game drawn by mutual
agreement } 1/2-1/2

[Event "ICC tourney 2532 (25 5)"]
[Site "Internet Chess Club"]
[Date "2021.04.25"]
[Round "5"]
[White "AKELLA, NITIN:K12-15004804"]
[Black "CARMINA, JONATHAN:K12-15466693"]
[Result "0-1"]
[ICCResult "White resigns"]
[WhiteElo "1790"]
[BlackElo "1183"]
[Opening "Scotch opening"]
[ECO "C44"]
[NIC "KP.10"]
[Time "11:01:23"]
[PlyCount "54"]
[TimeControl "1500+5"]

1. e4 e5 2. Nf3 Nc6 3. d4 f6 4. dxe5 fxe5 5. Bc4 Bc5 6. Qd5 Qe7 7. Bg5 Nf6
8. Qd1 h6 9. Bxf6 Qxf6 10. Nc3 g5 11. Nd5 Qd6 12. Qe2 g4 13. Nh4 Nd4 14.
Qxg4 Kd8 15. O-O c6 16. Ne3 b5 17. Nhf5 Nxf5 18. Nxf5 Qf6 19. Bb3 d5 20.
Rad1 Kc7 21. Qg3 Bxf5 22. exf5 Qxf5 23. Qg7+ Kb6 24. Rde1 Bd4 25. c3 Rag8
26. Qe7 Rxg2+ 27. Kxg2 Rg8+ { White resigns } 0-1

[Event "ICC tourney 2532 (25 5)"]
[Site "Internet Chess Club"]
[Date "2021.04.25"]
[Round "5"]
[White "HAN, JACOB:K12-14896205"]
[Black "JAIN, AKERTH:K12-15757158"]
[Result "1/2-1/2"]
[ICCResult "Game drawn because neither player has mating material"]
[WhiteElo "1905"]
[BlackElo "1276"]
[Opening "English opening"]
[ECO "A13"]
[NIC "EO.64"]
[Time "11:01:46"]
[PlyCount "148"]
[TimeControl "1500+5"]

1. c4 e6 2. g3 d5 3. Bg2 d4 4. Nf3 c5 5. d3 Nc6 6. O-O Qb6 7. e3 Nf6 8.
exd4 cxd4 9. a3 a5 10. Qa4 Bd7 11. b4 Nxb4 12. Qb3 Nbd5 13. Qxb6 Nxb6 14.
Nxd4 Bc5 15. Nb3 Na4 16. Bf4 Bc6 17. Rd1 Nh5 18. Nxc5 Nxc5 19. Be3 Nd7 20.
Nc3 O-O 21. d4 Bxg2 22. Kxg2 Rfc8 23. c5 b6 24. Ne4 bxc5 25. dxc5 Nhf6 26.
Nxf6+ Nxf6 27. Rac1 Nd5 28. Bd4 Rab8 29. Rd3 Kf8 30. Kf3 f6 31. Ke4 a4 32.
f4 Ke7 33. Kf3 h5 34. Rc2 Rb3 35. Rxb3 axb3 36. Rb2 Rb8 37. Ke2 Nc7 38. Kd3
Nd5 39. Kc4 Kd7 40. Rxb3 Ra8 41. Bc3 Kc6 42. Bb4 g5 43. fxg5 fxg5 44. Rf3
Re8 45. Rf7 Ne3+ 46. Kd4 Nf5+ 47. Ke5 Nh6 48. Rh7 Ng4+ 49. Kd4 Nxh2 50.
Rxh5 Nf3+ 51. Ke3 Rf8 52. Rh6 Kd5 53. Rh1 Ne5 54. Rd1+ Kc6 55. Ke4 Nf7 56.
Rf1 Nd6+ 57. cxd6 Rxf1 58. Ke5 Kd7 59. Ke4 Re1+ 60. Kf3 Rd1 61. Kg4 Rd5 62.
Kf3 Rf5+ 63. Kg4 Kc6 64. Kh5 Rd5 65. Kg6 Rd3 66. Kxg5 Rxg3+ 67. Kf6 Re3 68.
Bd2 Rd3 69. Bb4 Rxd6 70. Bxd6 Kxd6 71. a4 Kc6 72. Kxe6 Kb6 73. Kd5 Ka5 74.
Kc4 Kxa4 { Game drawn because neither player has mating material } 1/2-1/2

[Event "ICC tourney 2532 (25 5)"]
[Site "Internet Chess Club"]
[Date "2021.04.25"]
[Round "5"]
[White "OBEROI, SHELEV:K12-14961028"]
[Black "M LANCMAN, KALEB:K12-15146036"]
[Result "1-0"]
[ICCResult "Black resigns"]
[WhiteElo "2277"]
[BlackElo "1839"]
[Opening "Caro-Kann: Panov-Botvinnik attack, 5...e6"]
[ECO "B14"]
[NIC "CK.03"]
[Time "11:02:25"]
[PlyCount "71"]
[TimeControl "1500+5"]

1. e4 c6 2. d4 d5 3. exd5 cxd5 4. c4 Nf6 5. Nc3 e6 6. Nf3 Bb4 7. cxd5 Nxd5
8. Bd2 Nc6 9. Bd3 Be7 10. O-O O-O 11. Be3 Bf6 12. a3 Qb6 13. Nxd5 exd5 14.
b4 Bg4 15. b5 Bxf3 16. Qxf3 Nxd4 17. Qxd5 Qd8 18. Qe4 g6 19. Rad1 Nf5 20.
Bc5 Be7 21. Bxe7 Qxe7 22. Qxe7 Nxe7 23. Be4 Rad8 24. Bxb7 Nf5 25. a4 Rfe8
26. Bc6 Rxd1 27. Rxd1 Re2 28. a5 Ne7 29. Bb7 Rb2 30. Ba6 Nd5 31. g3 Nc7 32.
Rd7 Nxb5 33. Rb7 Rb1+ 34. Kg2 Nc3 35. Rxa7 Ra1 36. Bc4 { Black resigns }
1-0

[Event "ICC tourney 2532 (25 5)"]
[Site "Internet Chess Club"]
[Date "2021.04.25"]
[Round "5"]
[White "PONNA, NIMAI:K12-15563890"]
[Black "KHAN, SAMI:K12-17055117"]
[Result "1/2-1/2"]
[ICCResult "Game drawn because neither player has mating material"]
[WhiteElo "1535"]
[BlackElo "1014"]
[Opening "Sicilian: Kan, 5.Nc3"]
[ECO "B43"]
[NIC "SI.41"]
[Time "11:02:17"]
[PlyCount "149"]
[TimeControl "1500+5"]

1. e4 c5 2. Nf3 e6 3. d4 cxd4 4. Nxd4 a6 5. Nc3 Qc7 6. Be3 Bb4 7. Qd2 Nf6
8. Bd3 d5 9. exd5 Nxd5 10. Nde2 Nxe3 11. Qxe3 Nc6 12. a3 Ba5 13. O-O O-O
14. b4 Bb6 15. Qh3 h6 16. Rad1 Ba7 17. Ne4 Qe7 18. Nf4 e5 19. Nd5 Bxh3 20.
Nxe7+ Nxe7 21. gxh3 f5 22. Nd6 b5 23. c4 Rf6 24. c5 Bb8 25. Rfe1 e4 26. Bc2
Nc6 27. Bb3+ Kf8 28. Bd5 Bxd6 29. Bxc6 Bxh2+ 30. Kxh2 Rxc6 31. Rg1 a5 32.
Rd7 g6 33. Rh7 Kg8 34. Rxh6 Kg7 35. Rh5 axb4 36. axb4 Rf6 37. Rhg5 Ra2 38.
Kg3 f4+ 39. Kg2 e3 40. Rf1 e2 41. Re1 f3+ 42. Kh2 Rd2 43. Rgg1 Rf7 44. h4
Rfd7 45. c6 R7d4 46. c7 Rxh4+ 47. Kg3 Rc4 48. Rc1 Rdc2 49. Rxc2 Rxc2 50.
Kxf3 Rxc7 51. Kxe2 Re7+ 52. Kd3 Rf7 53. Rg5 Rxf2 54. Rxb5 Rf3+ 55. Ke4 Rb3
56. Rb7+ Kh6 57. b5 Kh5 58. b6 g5 59. Rb8 Kh4 60. b7 Kg3 61. Kf5 g4 62. Kg5
Rb5+ 63. Kf6 Kg2 64. Ke7 g3 65. Kd7 Kg1 66. Kc7 g2 67. Kc6 Rb3 68. Kc5 Kf2
69. Rf8+ Kg3 70. Rg8+ Kf2 71. Kc6 g1=Q 72. Rxg1 Kxg1 73. Kc7 Kf2 74. b8=Q
Rxb8 75. Kxb8 { Game drawn because neither player has mating material }
1/2-1/2

[Event "ICC tourney 2532 (25 5)"]
[Site "Internet Chess Club"]
[Date "2021.04.25"]
[Round "5"]
[White "SHKLOVER, DIANA:K12-14672010"]
[Black "MATTHEW PUDOL CALAUNAN, ANGELO:K12-17270737"]
[Result "0-1"]
[ICCResult "White checkmated"]
[WhiteElo "1527"]
[BlackElo "879"]
[Opening "QGD"]
[ECO "E10"]
[NIC "QI.01"]
[Time "11:01:30"]
[PlyCount "148"]
[TimeControl "1500+5"]

1. d4 Nf6 2. Nf3 e6 3. c4 d5 4. Bg5 Be7 5. Nc3 dxc4 6. e3 h6 7. Bh4 Nc6 8.
Bxc4 Nd5 9. Bxe7 Ncxe7 10. Qb3 O-O 11. O-O Nb6 12. Bd3 Ng6 13. Rad1 Bd7 14.
Qc2 f5 15. e4 Nh4 16. Ne5 Be8 17. d5 f4 18. f3 Qg5 19. Nc4 exd5 20. Nxb6
axb6 21. Nxd5 Bh5 22. Qe2 Rxa2 23. Nxb6 Qc5+ 24. Qf2 cxb6 25. Qxc5 bxc5 26.
Bc4+ Bf7 27. Bxa2 Bxa2 28. Rd7 Rf7 29. Rfd1 Rxd7 30. Rxd7 Ng6 31. Rxb7 Ne5
32. Kf2 g5 33. g3 Bf7 34. Rb8+ Kg7 35. Rd8 c4 36. Rb8 h5 37. Rb5 Kf6 38.
Rb6+ Be6 39. Rb8 h4 40. Rf8+ Kg7 41. Rb8 fxg3+ 42. hxg3 h3 43. f4 gxf4 44.
gxf4 Nd3+ 45. Kg3 Nxf4 46. Rb7+ Kg6 47. Rb8 Nd3 48. Rb6 Nc5 49. Kh2 Kf6 50.
Rc6 Nxe4 51. Rxc4 Bxc4 52. Kxh3 Nc5 53. Kg3 Nd3 54. b4 Nxb4 55. Kf4 Nc2 56.
Ke4 Ke6 57. Kf4 Bd3 58. Kg5 Ke5 59. Kh6 Kf6 60. Kh5 Ne3 61. Kh6 Ng4+ 62.
Kh5 Kf5 63. Kh4 Kf4 64. Kh5 Bf5 65. Kh4 Bg6 66. Kh3 Ne3 67. Kh4 Nf5+ 68.
Kh3 Kf3 69. Kh2 Kf2 70. Kh3 Bh5 71. Kh2 Bg4 72. Kh1 Ng3+ 73. Kh2 Nf1+ 74.
Kh1 Bf3# { White checkmated } 0-1